 Seeded DCSS version 0.29-a0-823-gc37b1572da (webtiles) character file.

Game seed: 20220708 (custom seed)

184 flotson the Sneak (level 5, -3/42 HPs)
             Began as a Demonspawn Delver on July 8, 2022.
             Slain by a river rat (8 damage)
             ... on level 4 of the Dungeon.
             The game lasted 00:04:00 (1188 turns).

flotson the Sneak (Demonspawn Delver)               Turns: 1188, Time: 00:04:00

Health: -3/42      AC:  3    Str: 14    XL:     5   Next: 36%
Magic:  0/5        EV: 12    Int: 13    God:
Gold:   29         SH:  0    Dex: 15    Spells: 4/4 levels left

rFire   . . .      SeeInvis .   a - +0 spear
rCold   . . .      Faith    .   (no shield)
rNeg    . . .      Spirit   +   b - +0 leather armour
rPois   .          Reflect  .   (no helmet)
rElec   .          Harm     .   (no cloak)
rCorr   .          Rampage  .   (no gloves)
Will    .....                   (no boots)
Stlth   +++.......              d - amulet of guardian spirit
HPRegen 0.14/turn               (no ring)
MPRegen 0.09/turn               (no ring)

@: no status effects
A: big brain 1, weakness stinger 2
a: no special abilities


You were on level 4 of the Dungeon.
You visited 2 branches of the dungeon, and saw 4 of its levels.
You also visited: Sewer.

You collected 29 gold pieces.

Inventory:

Hand Weapons
 a - a +0 spear (weapon)
 h - the +1 shortbow of Kisajaf {speed, rN++ Str+2}
   (You found it on level 5 of the Dungeon)

   Attacks with this weapon are significantly faster.
   Str:       It affects your strength (+2).
   rN:        It greatly protects you from negative energy.
Missiles
 n - a curare-tipped dart (quivered)
 o - 8 poisoned darts
Armour
 b - a +0 leather armour (worn)
Jewellery
 d - an amulet of guardian spirit (around neck)
Wands
 g - a wand of digging (3)
 i - a wand of iceblast (6)
Scrolls
 c - a scroll of fog
 e - a scroll of fear
 j - a scroll of poison {unknown}
 l - a scroll of identify {unknown}
Potions
 f - a potion of haste
 k - 2 potions of curing
 p - 2 potions of flight
 q - a potion of heal wounds


   Skills:
 + Level 3.7 Fighting
 + Level 1.7(2.1) Axes
 - Level 1.7(2.1) Polearms
 + Level 0.6 Throwing
 + Level 1.7 Armour
 + Level 2.7 Dodging
 - Level 4.5 Stealth
 + Level 2.1 Evocations


You had 4 spell levels left.
You didn't know any spells.
Your spell library was empty.

Dungeon Overview and Level Annotations

Branches:
Dungeon (5/15)             Temple (1/1) D:5           Sewer (visited)

Altars:
Ashenzari
Gozag
Nemelex Xobeh
Qazlal
Ru
Trog
Wu Jian


Innate Abilities, Weirdness & Mutations

You have an unusually large brain. (Int +2)
You have a tail ending in a sharp stinger.


Message History

The giant cockroach closely misses you. The giant cockroach bites you.
You hit the giant cockroach.
The giant cockroach is almost dead.
The giant cockroach bites you.
You barely miss the giant cockroach.
The giant cockroach is almost dead.
The giant cockroach bites you but does no damage.
You hit the giant cockroach but do no damage.
You tail-slap the giant cockroach.
You kill the giant cockroach!
You hit the river rat.
The river rat is lightly wounded.
The river rat bites you.
You hit the river rat.
The river rat is moderately wounded.
The river rat bites you.
You hit the river rat.
The river rat is heavily wounded.
The river rat barely misses you.
You completely miss the river rat.
The river rat is heavily wounded.
The river rat bites you.
* * * LOW HITPOINT WARNING * * *
You hit the river rat but do no damage.
The river rat is heavily wounded.
The river rat barely misses you.
You closely miss the river rat.
The river rat is heavily wounded.
The river rat bites you!
* * * LOW HITPOINT WARNING * * *
You hit the river rat.
The river rat is severely wounded.
The river rat bites you.
* * * LOW HITPOINT WARNING * * *
Aiming: Quicksilver Bolt
Press: ? - help, Shift-Dir - straight line, f - river rat
Aim: a river rat (severely wounded, 68% to hit)
The bolt of dispelling energy misses the river rat.
The now-empty wand crumbles to dust.
The river rat bites you!
You die...

#.≈≈≈≈#
#≈†≈≈≈#
#≈≈≈≈.#
#≈≈≈..#
#≈....#
####r.#
#.######
#####......#
#..@r......#
##.#######..#
#..# ### .#
#..##### ..#
#....+_+ ...#
#..###+# #..#
#..# #.# #..#
#.)###.###..#
#...........#


You could see a river rat.

Vanquished Creatures
  2 kobold brigands (Sewer)
  2 adders
  A river rat (Sewer)
  2 giant cockroaches (D:4)
  2 jackals (Sewer)
  4 ball pythons
  3 kobolds (Sewer)
  6 rats
22 creatures vanquished.

Notes
Turn   | Place    | Note
-------+----------+-------------------------------------------
     0 | D:5      | flotson the Demonspawn Delver began the quest for the Orb.
     0 | D:5      | Reached XP level 1. HP: 18/18 MP: 1/1
    11 | D:5      | Identified the +1 shortbow of Kisajaf {speed, rN++ Str+2}
    19 | D:4      | Noticed a scorpion
    35 | D:5      | Found a staircase to the Ecumenical Temple.
    44 | Temple   | Entered the Ecumenical Temple
   123 | D:4      | Gained mutation: You have a small tail. [demonic ancestry]
   123 | D:4      | Reached XP level 2. HP: 23/24 MP: 2/2
   230 | D:4      | Found a broken altar of Ashenzari.
   230 | D:4      | Found a sparkling altar of Nemelex Xobeh.
   231 | D:4      | Found a sacrificial altar of Ru.
   245 | D:4      | Found a bloodstained altar of Trog.
   245 | D:4      | Noticed a wight
   245 | D:4      | Noticed a wight
   245 | D:4      | Noticed a wight
   561 | D:4      | Found a stormy altar of Qazlal.
   563 | D:4      | Found a glowing drain.
   575 | Sewer    | Entered a sewer
   707 | Sewer    | Noticed a kobold brigand
   743 | Sewer    | Killed a kobold brigand
   744 | Sewer    | Reached skill level 1 in Axes
   744 | Sewer    | Reached skill level 1 in Armour
   744 | Sewer    | Reached skill level 1 in Evocations
   744 | Sewer    | Gained mutation: You have a tail ending in a sharp stinger.
                  | [demonic ancestry]
   744 | Sewer    | Reached XP level 3. HP: 10/29 MP: 0/3
   744 | Sewer    | Gained mutation: You have an unusually large brain. (Int
                  | +2) [demonic ancestry]
   744 | Sewer    | Reached XP level 4. HP: 12/35 MP: 0/4
   990 | Sewer    | Noticed a kobold brigand
  1004 | Sewer    | Killed a kobold brigand
  1005 | Sewer    | Reached XP level 5. HP: 29/42 MP: 1/5
  1188 | D:4      | Slain by a river rat

Illustrated notes

Levels and vault maps discovered:
D:3:      layout_loops_cross, hangedman_decor_growths
D:4:      layout_loops_cross, lemuel_doored_altar,
          nicolae_overflow_crystal_walls, grunt_temple_overflow_open,
          portal_sewer_entry_b, minmay_increasing_density
D:5:      layout_basic, led_sif_pool, minmay_temple_entry_statues_fountains,
          hangedman_abyss_or_decor_stagger, uniq_grinder
Temple:   dpeg_three_leaves_temple

Skill      XL: |  1  2  3  4 |
---------------+-------------+-----
Dodging        | 2 |  2.7
Axes           | 1 |  1.7
Armour         | 1 |  1.7
Evocations     | 1 2 |  2.1
Fighting       | |  3.7
Polearms       | |  1.7
Throwing       | |  0.6
Stealth        | |  4.5

Action                   |  1- 3 |  4- 6 || total
-------------------------+-------+-------++-------
Melee: Spear             |    51 |    37 ||    88
       Tailslap          |     3 |     2 ||     5
Evoke: Wand              |     3 |     3 ||     6
  Use: Scroll            |     1 |       ||     1
 Stab: Sleeping          |     4 |       ||     4
Armor: Leather armour    |    22 |    10 ||    32
Dodge: Dodged            |    40 |    21 ||    61

Table legend: (Time is in decaauts)
 A = Elapsed time spent in this place.
 B = Non-inter-level travel time spent in this place.
 C = Inter-level travel time spent in this place.
 D = Time resting spent in this place.
 E = Time spent auto-exploring this place.
 F = Levels seen in this place.
 G = Mean time per level.
                   A        B        C        D        E       F      G
               +--------+--------+--------+--------+--------+-----+--------+
         Total |   1233 |   1225 |      8 |     78 |    713 |   5 |  246.6 |
       Dungeon |    605 |    597 |      8 |      0 |    277 |   3 |  201.7 |
        Temple |      1 |      1 |      0 |      0 |      0 |   1 |    1.0 |
         Sewer |    626 |    626 |      0 |     78 |    436 |   1 |  626.0 |
               +--------+--------+--------+--------+--------+-----+--------+

Top non-repeatable levels by time:
   Sewer: 626 daAuts
     D:3: 269 daAuts
     D:4: 220 daAuts
     D:5: 116 daAuts
  Temple: 1 daAuts
